 Dungeon Crawl Stone Soup version 0.29-a0-676-ga64570c9d2 (webtiles) character file.

Game seed: 9096664740043958478

310 tilp the Cudgeller (level 7, 0/59 HPs)
             Began as a Meteoran Fighter on June 24, 2022.
             Was an Initiate of Trog.
             Slain by a lemure (5 damage)
             ... led by Pikel
             ... on level 5 of the Dungeon.
             The game lasted 00:06:38 (985 turns).

tilp the Cudgeller (Meteoran Fighter)                Turns: 985, Time: 00:06:39

Health: 0/59       AC:  9    Str: 20    XL:     7   Next: 1%
Magic:  8/8        EV:  8    Int: 10    God:    Trog [......]
Gold:   89         SH:  5    Dex: 13    Spells: 6/6 levels left

rFire   . . .      SeeInvis .   a - +0 flail
rCold   . . .      Faith    .   c - +0 buckler
rNeg    + . .      Spirit   .   o - +0 chain mail
rPois   .          Reflect  .   (no helmet)
rElec   .          Harm     .   (no cloak)
rCorr   +          Rampage  .   (no gloves)
Will    .....                   (no boots)
Stlth   ..........              (no amulet)
HPRegen 0.19/turn               l - ring of resist corrosion
MPRegen 0.11/turn               m - ring of positive energy

@: glowing
A: sense surroundings 1, otherworldly, glowing, explore regen
a: Renounce Religion


You were on level 5 of the Dungeon.
You worshipped Trog.
Trog was noncommittal.
You visited 1 branch of the dungeon, and saw 5 of its levels.

You collected 89 gold pieces.

Inventory:

Hand Weapons
 a - a +0 flail (weapon)
 b - a +0 hunting sling
 e - a +1 whip of venom
Missiles
 k - 12 stones (quivered)
Armour
 c - a +0 buckler (worn)
 j - a +0 scale mail
 o - a +0 chain mail (worn)
Jewellery
 f - a ring of wizardry
 l - a ring of resist corrosion (left hand)
 m - a ring of positive energy (right hand)
Scrolls
 g - a scroll of poison
 i - a scroll of identify {unknown}
Potions
 d - 2 potions of might
 n - 2 potions of flight {unknown}
 p - a potion of haste {unknown}
 q - a potion of mutation {unknown}


   Skills:
 + Level 4.1 Fighting
 * Level 6.2 Maces & Flails
 - Level 4.0 Armour
 + Level 2.2 Dodging
 - Level 2.0 Stealth
 - Level 4.0 Shields


You had 6 spell levels left.
You didn't know any spells.
Your spell library was empty.

Dungeon Overview and Level Annotations

Branches:
Dungeon (5/15) Zot: 1962
 Temple: D:4-7

Altars:
Trog

Annotations:
D:2 Sigmund
D:4 Pikel


Innate Abilities, Weirdness & Mutations

You passively map a small area around you.
You are easily found by Zot.
You glow in the dark.
You regain HP and MP as you explore.


Message History

You barely miss the lemure.
The lemure is almost dead.
The kobold demonologist mumbles some strange words.
The lemure hits you.
* * * LOW HITPOINT WARNING * * *
You hit the lemure but do no damage.
The lemure is almost dead.
The kobold demonologist begins to cast a cantrip, but forgets the words!
The lemure hits you but does no damage.
The kobold demonologist mumbles some strange words.
You closely miss the lemure.
The lemure is almost dead.
The kobold demonologist mumbles some strange words.
The lemure hits you but does no damage.
The kobold demonologist gestures wildly while chanting.
You sock the lemure!
You kill the lemure!
That felt strangely unrewarding.
The kobold demonologist looks satisfied for a moment.
The shadow imp attacks as you move away!
The shadow imp hits you.
* * * LOW HITPOINT WARNING * * *
The shadow imp attacks as you move away!
The shadow imp hits you but does no damage.
The kobold brigand shouts!
You hear a shout!
A kobold brigand comes into view.
It is wielding a +0 short sword and quivering poisoned darts.
The shadow imp gestures at you. Pain shoots through your body!
* * * LOW HITPOINT WARNING * * *
The shadow imp disappears in a puff of smoke!
Found 4 gold pieces.
The lemure attacks as you move away! The lemure hits you!
* * * LOW HITPOINT WARNING * * *
The lemure attacks as you move away! The lemure hits you but does no damage.
The lemure attacks as you move away! The lemure hits you.
* * * LOW HITPOINT WARNING * * *
The lemure attacks as you move away! The lemure barely misses you.
You see here a hound corpse.
The lemure attacks as you move away! The lemure hits you.
You die...

###### ##...##..##..K..## *
# ##.####..####...## * #
#.<..# #.# ##...# # #....#
.## ##..# ..* ##
##....###..# #..##..# .##
#......###.#####.....## ..#
#..####.##.............#
#K### #.#
#....###...####..#
#...####.# #.<@5.K.K#...#
..# ###K.##..#
#.........###..# ..#
##..#.####..#.............#
.#
##...##...##........###.$#
##..##.## #........# #... *
#...#.## #.......... .#.
#......#*#.#######.≈≈≈≈
#..####..##.., #≈#**≈
*#....# ....., ≈ ,


You could see a kobold demonologist, a kobold brigand and a lemure.

Vanquished Creatures
  A lemure (D:5)
  A vampire bat (D:3)
  A jelly (D:4)
  A hound (D:5)
  An orc priest (D:4)
  An orc wizard (D:4)
  3 gnolls (D:4)
  2 adders
  3 fire bats (D:3)
  5 orcs (D:4)
  2 spectral bats (D:3)
  A ball python (D:4)
  3 bat skeletons (D:3)
  A bat zombie (D:3)
  4 endoplasms
  2 giant cockroaches (D:1)
  2 hobgoblins
  2 jackals (D:3)
  9 bats (D:3)
  A bat simulacrum (D:3)
  4 kobolds
  3 rats
53 creatures vanquished.

Vanquished Creatures (others)
  A wizard (D:4)
1 creature vanquished.

Grand Total: 54 creatures vanquished

Notes
Turn   | Place    | Note
-------+----------+-------------------------------------------
     0 | D:1      | tilp the Meteoran Fighter began the quest for the Orb.
     0 | D:1      | Reached XP level 1. HP: 19/19 MP: 2/2
    90 | D:2      | Reached XP level 2. HP: 21/26 MP: 3/3
   136 | D:2      | Noticed Sigmund
   192 | D:4      | Noticed a jelly
   213 | D:3      | Reached skill level 3 in Maces & Flails
   213 | D:3      | Reached XP level 3. HP: 31/31 MP: 4/4
   268 | D:3      | Reached skill level 1 in Dodging
   298 | D:3      | Reached skill level 1 in Stealth
   298 | D:3      | Reached XP level 4. HP: 35/40 MP: 5/5
   304 | D:3      | Reached XP level 5. HP: 36/46 MP: 6/6
   384 | D:3      | Reached skill level 4 in Maces & Flails
   505 | D:4      | Found a bloodstained altar of Trog.
   515 | D:4      | Noticed a wizard
   520 | D:4      | Became a worshipper of Trog the Wrathful
   521 | D:4      | Killed a wizard
   568 | D:4      | Reached XP level 6. HP: 6/52 MP: 7/7
   630 | D:4      | Reached skill level 5 in Maces & Flails
   693 | D:4      | Reached skill level 6 in Maces & Flails
   702 | D:5      | Entered Level 5 of the Dungeon
   825 | D:5      | Noticed a kobold demonologist
   901 | D:5      | Reached XP level 7. HP: 59/59 MP: 8/8
   902 | D:4      | Noticed Pikel
   931 | D:5      | Noticed a kobold demonologist
   934 | D:5      | Noticed a kobold demonologist
   963 | D:5      | Noticed a hellwing
   985 | D:5      | Slain by a lemure

Illustrated notes

Levels and vault maps discovered:
D:1:      dpeg_arrival_prison, layout_basic, dk_noncrumbling_3,
          serial_bayou_crossing
D:2:      layout_rooms, serial_shops, nicolae_shop_hallway_stairs, uniq_sigmund
D:3:      layout_loops_ring, goddamned_bats
D:4:      nicolae_cairo_tiling, layout_rooms, trog_wizard,
          kennysheep_orc_chapel, uniq_pikel
D:5:      layout_rooms, grunt_temple_overflow_order_and_chaos_1,
          fedhas_bush_and_centaur_altar, gammafunk_ghost_icy,
          roderic_serpentine_path, amcnicky_mini_pool_small,
          minmay_crystal_water, uniq_prince_ribbit1, uniq_edmund

Skill      XL: |  1  2  3  4  5  6 |
---------------+-------------------+-----
Maces & Flails | 3 4 6 |  6.2
Armour         | 4 |  4.0
Dodging        | 1 2 |  2.2
Shields        | 4 |  4.0
Stealth        | 1 2 |  2.0
Fighting       | 4 |  4.1

Action                   |  1- 3 |  4- 6 |  7- 9 || total
-------------------------+-------+-------+-------++-------
Melee: Flail             |    48 |   107 |    32 ||   187
 Fire: Hunting sling     |    14 |     3 |       ||    17
Throw: Stone             |       |       |     2 ||     2
  Use: Scroll            |       |     4 |     1 ||     5
       Potion            |       |     1 |       ||     1
Armor: Scale mail        |    53 |   102 |       ||   155
       Chain mail        |       |    10 |    25 ||    35
Dodge: Dodged            |    32 |    68 |    16 ||   116
Block: Buckler           |    16 |    40 |     7 ||    63

Table legend: (Time is in decaauts)
 A = Elapsed time spent in this place.
 B = Non-inter-level travel time spent in this place.
 C = Inter-level travel time spent in this place.
 D = Time resting spent in this place.
 E = Time spent auto-exploring this place.
 F = Levels seen in this place.
 G = Mean time per level.
                   A        B        C        D        E       F      G
               +--------+--------+--------+--------+--------+-----+--------+
         Total |   1037 |    984 |     53 |    100 |      0 |   5 |  207.4 |
       Dungeon |   1037 |    984 |     53 |    100 |      0 |   5 |  207.4 |
               +--------+--------+--------+--------+--------+-----+--------+

Top non-repeatable levels by time:
     D:3: 385 daAuts
     D:5: 255 daAuts
     D:4: 251 daAuts
     D:1: 89 daAuts
     D:2: 55 daAuts
